 Dungeon Crawl Stone Soup version 0.21-a0-321-g91e3373 (webtiles) character file.

36817 tidbits the Fighter (level 13, -10/111 HPs)
             Began as a Gnoll Wanderer on Sept 29, 2017.
             Was a High Priest of Cheibriados.
             Mangled by a peacekeeper (15 damage)
             ... in the Desolation of Salt on Sept 30, 2017.
             The game lasted 01:39:15 (8176 turns).

tidbits the Fighter (Gnoll Wanderer)                Turns: 8176, Time: 01:39:16

Health: -10/111    AC: 20    Str: 37    XL:     13   Next: 92%
Magic:  14/25      EV: 20    Int: 37    God:    Cheibriados [*****.]
Gold:   347        SH:  8    Dex: 30    Spells: 10/29 levels left

rFire    + + .     SeeInvis .   K - +1 war axe (elec)
rCold    . . .     Gourm    .   D - +0 buckler
rNeg     . . .     Faith    .   B - +5 scale mail of Agoraphobia {rC+ Str+5 Int+3}
rPois    +         Spirit   .   (helmet restricted)
rElec    .         Reflect  .   C - +0 cloak of Grace {+Fly rF++ rC- MR+}
rCorr    .         Harm     .   G - +1 pair of gloves
MR       +....                  F - +2 pair of boots {Fly}
Stlth    ++++......             R - amulet of regeneration
HPRegen  1.08/turn              (no ring)
MPRegen  0.19/turn              j - +3 ring of strength

@: flying, very slow
A: distributed training, fangs 1, horns 1, poison resistance, regeneration 1,
strong 1, wild magic 1, strong nose
a: Bend Time, Temporal Distortion, Slouch, Step From Time, Renounce Religion,
Stop Flying


You were in the Desolation of Salt.
You worshipped Cheibriados.
Cheibriados was extremely pleased with you.
You were very full.

You visited 4 branches of the dungeon, and saw 18 of its levels.
You also visited: Ossuary and Desolation.

You collected 1526 gold pieces.
You spent 1179 gold pieces at shops.

Inventory:

Hand Weapons
 a - a +2 whip of draining
   (You took it off a kobold on level 1 of the Dungeon)
 v - a +4 dagger of venom
   (You took it off a goblin on level 3 of the Dungeon)
 K - a +1 war axe of electrocution (weapon)
   (You took it off an orc warrior on level 2 of the Orcish Mines)
 Q - a +4 rapier
Missiles
 b - 6 tomahawks of returning (quivered)
 s - 7 silver tomahawks
 t - 65 arrows
 y - 23 tomahawks
 L - 7 javelins
 Z - 3 throwing nets {!f}
Armour
 o - a +1 troll leather armour {Snorg}
 B - the +5 scale mail of Agoraphobia (worn) {rC+ Str+5 Int+3}
   (You bought it in a shop on level 10 of the Dungeon)

   It affects your strength (+5).
   It affects your intelligence (+3).
   It protects you from cold.
 C - the +0 cloak of Grace (worn) {+Fly rF++ rC- MR+}
   (You bought it in a shop on level 4 of the Dungeon)

   It greatly protects you from fire.
   It makes you vulnerable to cold.
   It affects your resistance to hostile enchantments.
   It lets you fly.
 D - a +0 buckler (worn)
 F - a +2 pair of boots of flying (worn)
   (You found it on level 2 of the Dungeon)
 G - a +1 pair of gloves (worn)
 U - a +2 robe of the Archmagi
   (You took it off an orc sorcerer on level 1 of the Orcish Mines)
Magical Staves
 e - an uncursed staff of energy {!a}
   (You found it on level 6 of the Dungeon)
Jewellery
 j - a +3 ring of strength (right hand)
   (You found it on level 13 of the Dungeon)
 R - an amulet of regeneration (around neck)
   (You bought it in a shop on level 2 of the Orcish Mines)
Wands
 g - a wand of iceblast (2/15)
 J - a wand of acid (0/15)
Scrolls
 m - 8 scrolls of teleportation
 p - 2 scrolls of blinking
 r - 7 scrolls of remove curse
 u - 4 scrolls of immolation
 w - 3 scrolls of fog
 z - 3 scrolls of enchant weapon
 N - 3 scrolls of amnesia
 Y - a scroll of magic mapping
Potions
 c - 4 potions of lignification
 d - 2 potions of invisibility
 h - 2 potions of heal wounds
 k - 2 potions of agility
 l - a potion of ambrosia
 n - 5 potions of curing
 E - a potion of brilliance
 I - 2 potions of mutation {!q}
 M - a potion of haste
 W - 3 potions of might
Books
 i - a book of Misfortune
   (You found it on level 1 of the Elven Halls)

   Spells                             Type                      Level
   a - Confusing Touch                Hexes                        1
   b - Confuse                        Hexes                        3
   c - Gell's Gravitas                Translocation                3
   d - Petrify                        Transmutation/Earth          4
   e - Metabolic Englaciation         Hexes/Ice                    5
   f - Yara's Violent Unravelling     Hexes/Transmutation          5
Miscellaneous
 x - a fan of gales
Comestibles
 f - 7 bread rations


   Skills:
 + Level 13.0 Fighting
 + Level 9.2 Short Blades
 + Level 8.8 Long Blades
 + Level 7.9 Axes
 + Level 8.2 Maces & Flails
 + Level 7.8 Polearms
 + Level 8.0 Staves
 + Level 8.0 Slings
 + Level 8.6 Bows
 + Level 9.8 Crossbows
 + Level 8.7 Throwing
 + Level 8.3 Armour
 + Level 8.9 Dodging
 + Level 8.8 Stealth
   Level 0.0 Stabbing
 + Level 8.4 Shields
   Level 0.0 Traps
 + Level 8.1 Unarmed Combat
 + Level 8.8 Spellcasting
 + Level 8.3 Conjurations
 + Level 8.1 Hexes
 + Level 8.0 Charms
 + Level 7.6 Summonings
 + Level 9.2 Necromancy
 + Level 8.4 Translocations
 + Level 7.5 Transmutations
 + Level 8.8 Fire Magic
 + Level 7.9 Ice Magic
 + Level 8.7 Air Magic
 + Level 8.1 Earth Magic
 + Level 7.4 Poison Magic
 + Level 8.0 Invocations
 + Level 7.6 Evocations


You had 10 spell levels left.
You knew the following spells:

 Your Spells              Type           Power        Failure   Level  Hunger
a - Apportation           Tloc           ######       1%          1    None
e - Metabolic Englaciati  Hex/Ice        #######...   7%          5    ###....
h - Blade Hands           Tmut           #######...   9%          5    ###....
k - Sticks to Snakes      Tmut           #######.     1%          2    None
n - Animate Skeleton      Necr           N/A          1%          1    None
y - Yara's Violent Unrav  Hex/Tmut       #######...   8%          5    ###....


Dungeon Overview and Level Annotations

Branches:
Dungeon (14/15)            Temple (1/1) D:7            Lair (0/6) D:8
    Orc (2/2) D:11            Elf (1/3) Orc:2
 Vaults: D:13-14

Altars:
Ashenzari
Cheibriados
Dithmenos
Elyvilon
Fedhas
Gozag
Hepliaklqana
Kikubaaqudgha
Makhleb
Nemelex Xobeh
Okawaru
Qazlal
Ru
Sif Muna
Trog
Uskayaw
Vehumet
Wu Jian
Xom
Yredelemnul
Zin
The Shining One
Beogh

Shops:
D:4 [*   D:10 [   D:12 [   Orc:1 [(   Orc:2 ?==(

Annotations:
D:5 Vajrapani's ghost, novice OpIE


Innate Abilities, Weirdness & Mutations

Your experience applies equally to all skills.
You have very sharp teeth.
Your uncanny sense of smell can sniff out nearby items.
You have a pair of small horns on your head.
Your system is resistant to poisons. (rPois)
Your natural rate of healing is unusually fast.
Your muscles are strong. (Str +2)
Your spells are a little harder to cast, but a little more powerful.


Message History

The bolt of acid hits the halazid warlock.
The halazid warlock is splashed with acid.
The halazid warlock is moderately damaged.
This wand has 3 charges left.
You hear a shout!
The peacekeeper bites your adder!!
Your adder dies!
You block the peacekeeper's attack.
The peacekeeper claws you but does no damage.
Evoke which item? (* to show all) (? for menu, Esc to quit)
Aiming: Corrosive Bolt
Press: ? - help, Shift-Dir - straight line, f/p - halazid warlock
Aim: a halazid warlock (moderately damaged)
The bolt of acid misses the peacekeeper.
The bolt of acid hits the halazid warlock.
The halazid warlock is splashed with acid.
The acid corrodes the halazid warlock!
The halazid warlock is heavily damaged.
This wand has 2 charges left.
The peacekeeper bites your adder!!
Your adder dies!
The peacekeeper roars a battlecry!
The peacekeeper goes into a battle-frenzy!
The peacekeeper bites you. The peacekeeper misses you.
The halazid warlock casts a spell.
Unknown command.
Evoke which item? (* to show all) (? for menu, Esc to quit)
Aiming: Corrosive Bolt
Press: ? - help, Shift-Dir - straight line, f/p - halazid warlock
Aim: a halazid warlock (moderately damaged, covered in acid)
The bolt of acid hits the peacekeeper.
The peacekeeper is splashed with acid.
The acid corrodes the peacekeeper!
The peacekeeper is moderately damaged.
The bolt of acid hits the halazid warlock.
The halazid warlock is splashed with acid.
The halazid warlock is severely damaged.
This wand has 1 charge left.
You block the peacekeeper's attack.
The peacekeeper completely misses you. x4
The peacekeeper claws you but does no damage.
The ragged hierophant mumbles some strange words.
The ragged hierophant begins to accept its allies' injuries.
An imperial myrmidon comes into view.
It is wielding a battleaxe of electrocution.
Unknown command.
Evoke which item? (* to show all) (? for menu, Esc to quit)
Aiming: Corrosive Bolt
Press: ? - help, Shift-Dir - straight line, f - imperial myrmidon, p - halazid warlock
Aim: an imperial myrmidon, wielding a battleaxe of electrocution, wearing a leather armour and wearing a faintly glowing steel ring (sheltered from injuries)
The bolt of acid misses the peacekeeper.
The bolt of acid hits the halazid warlock.
The halazid warlock is splashed with acid.
The acid corrodes the halazid warlock!
The halazid warlock is almost destroyed.
The bolt of acid hits the imperial myrmidon.
The imperial myrmidon is splashed with acid.
The acid corrodes the imperial myrmidon!
The imperial myrmidon is lightly wounded.
This wand has 0 charges left.
The peacekeeper roars a battlecry!
The golems go into a battle-frenzy!
You block the peacekeeper's attack. The peacekeeper misses you.
The peacekeeper closely misses you.
The peacekeeper claws you but does no damage.
You block the peacekeeper's attack. The peacekeeper completely misses you.
The saltling misses you.
The peacekeeper roars a battlecry!
The peacekeeper goes into a battle-frenzy!
The halazid warlock casts a spell at you.
The bolt of negative energy hits the peacekeeper.
The peacekeeper completely resists.
The bolt of negative energy misses you.
The bolt of negative energy hits the saltling.
The saltling completely resists.
The ragged hierophant points at you and mumbles some strange words.
A blast of power from the earth and the adjacent constructs strikes you!
The peacekeeper bites you!
The peacekeeper claws you but does no damage.
Unknown command.
Really harm your adders?
You can feel time thicken for a moment.
You kill your adder!
You destroy the halazid warlock!
Cheibriados thoroughly appreciates the change of pace.
The saltling dissolves into shadows!
The peacekeeper dissolves into shadows!
The saltling dissolves into shadows! x3
The ragged hierophant dissolves into shadows!
The saltling dissolves into shadows!
Your Fighting skill increases to level 13!
Your Staves skill increases to level 8!
You kill your adder!
You feel somewhat less full. You block the peacekeeper's attack.
The peacekeeper closely misses you. The peacekeeper misses you. x2
Unknown command.
Casting: Sticks to Snakes
Confirm with . or Enter, or press ? or * to list all spells.
You create 3 snakes!
You now have 65 arrows.
The peacekeeper barely misses you. You block the peacekeeper's attack.
The peacekeeper bites you!!
* * * LOW HITPOINT WARNING * * *
The peacekeeper claws you!
* * * LOW HITPOINT WARNING * * *
The peacekeeper bites you!
* * * LOW HITPOINT WARNING * * *
The peacekeeper misses you. The peacekeeper bites you!
You die...

######################
########################
########################
########################
########################
########################
..............S.S.S.....
........................
.#......#######8@.......
........# ∆#..p88.......
........#.:..8#..8......
........#.###.#.##......
........#∆ #∆#.. ......
#.....).# ∆ ∆ #). .§.§..
#.......# ##. §§§..
........# §.§.§
........#


You could see an imperial myrmidon, 2 peacekeepers, a saltling, a friendly water
moccasin and 2 friendly adders.

Vanquished Creatures
  Saint Roka (Orc:2)
  A halazid warlock (Desolation)
  Snorg (Orc:1)
  A servant of whispers (Desolation)
  A ragged hierophant (Elf:1)
  2 hydras
  3 two-headed ogres
  5 orc high priests (Orc:2)
  3 skeletal warriors (D:12)
  7 orc knights (Orc:2)
  2 ugly things
  2 deep elf magi
  2 orc sorcerers
  2 cyclopes (D:11)
  A manticore (D:8)
  Maurice (D:8)
  Joseph (D:8)
  A hornet (D:12)
  Prince Ribbit (D:9)
  5 saltlings
  A troll (D:11)
  4 hippogriffs
  4 slime creatures (D:12)
  11 yaks
  A vampire (D:12)
  Eustachio (D:6)
  4 hogs (D:7)
  A human (D:7)
  A steam dragon (D:8)
  A soldier ant (D:13)
  2 wargs
  Edmund (D:6)
  A water moccasin (D:11)
  Duvessa (D:6)
  2 phantoms
  2 ice beasts
  2 sky beasts
  A black bear (D:6)
  32 orc warriors
  A swamp drake (D:11)
  7 ogres
  3 centaurs
  A crocodile (D:9)
  Blork the orc (D:6)
  9 bullfrogs
  Dowan (D:6)
  4 scorpions
  A water moccasin skeleton (D:4)
  19 killer bees
  An electric eel (D:9)
  A howler monkey (D:5)
  3 bullfrog zombies
  3 crimson imps
  A quasit (D:12)
  3 centaur zombies
  5 hounds
  4 jellies
  31 orc priests
  2 centaur skeletons
  11 orc wizards
  A bullfrog skeleton (D:6)
  3 iguanas
  6 worker ants
  A big kobold zombie (Ossuary)
  2 hound zombies
  2 hound skeletons (D:4)
  2 mummies (Ossuary)
  A howler monkey zombie (D:9)
  A worker ant zombie (D:7)
  Robin (D:4)
  19 adders
  2 shadow imps
  A white imp (D:4)
  4 worms
  A dart slug (D:2)
  5 leopard geckos
  72 orcs
  6 giant cockroaches
  16 goblins
  5 hobgoblins
  12 jackals
  6 quokkas
  3 bats
  7 frilled lizards
  A gnoll zombie (Ossuary)
  A goblin skeleton (D:4)
  5 goblin zombies
  6 hobgoblin zombies
  5 kobolds
  A kobold zombie (D:4)
  A leopard gecko skeleton (D:8)
  2 orc skeletons (D:4)
  4 orc zombies (Ossuary)
  12 rats
445 creatures vanquished.

Vanquished Creatures (collateral kills)
  An orc knight (Orc:2)
  An orc sorcerer (Orc:1)
  A saltling (Desolation)
  An orc warrior (D:9)
  An orc priest (Orc:2)
  An orc wizard (Orc:2)
  5 orcs (Orc:2)
11 creatures vanquished.

Grand Total: 456 creatures vanquished

Notes
Turn   | Place    | Note
-------+----------+-------------------------------------------
     0 | D:1      | Reached skill level 10 in Fighting
     0 | D:1      | tidbits the Gnoll Wanderer began the quest for the Orb.
     0 | D:1      | tidbits set off with: a +2 short sword, a potion of curing, a potion of lignification, a +0 robe, a bread ration
     0 | D:1      | Reached XP level 1. HP: 28/28 MP: 2/2
    70 | D:1      | Reached skill level 1 in Staves
   112 | D:1      | Reached skill level 1 in Crossbows
   112 | D:1      | Reached XP level 2. HP: 27/35 MP: 3/3
   116 | D:1      | Reached skill level 2 in Staves
   321 | D:1      | Reached skill level 3 in Dodging
   336 | D:1      | Reached skill level 1 in Stealth
   416 | D:2      | Reached skill level 1 in Slings
   416 | D:2      | Reached XP level 3. HP: 36/41 MP: 4/4
   430 | D:2      | Reached skill level 1 in Necromancy
   584 | D:2      | Reached skill level 1 in Transmutations
   601 | D:2      | Reached skill level 1 in Shields
   621 | D:2      | Reached skill level 1 in Unarmed Combat
   813 | D:3      | Reached skill level 1 in Bows
   813 | D:3      | Reached XP level 4. HP: 48/48 MP: 5/5
   837 | D:3      | Reached skill level 1 in Polearms
   837 | D:3      | Reached skill level 1 in Invocations
   939 | D:3      | Reached skill level 1 in Conjurations
   972 | D:3      | Reached skill level 1 in Axes
   972 | D:3      | Reached skill level 2 in Shields
   972 | D:3      | Reached skill level 1 in Spellcasting
   972 | D:3      | Reached skill level 1 in Translocations
   972 | D:3      | Reached skill level 1 in Air Magic
   972 | D:3      | Reached XP level 5. HP: 46/54 MP: 7/7
  1010 | D:3      | Reached skill level 1 in Hexes
  1116 | D:3      | Noticed a sky beast
  1148 | D:3      | Killed a sky beast
  1148 | D:3      | Reached skill level 2 in Axes
  1148 | D:3      | Reached skill level 1 in Maces & Flails
  1148 | D:3      | Reached skill level 2 in Polearms
  1148 | D:3      | Reached skill level 3 in Throwing
  1148 | D:3      | Reached skill level 2 in Unarmed Combat
  1148 | D:3      | Reached skill level 2 in Conjurations
  1148 | D:3      | Reached skill level 1 in Charms
  1148 | D:3      | Reached skill level 1 in Summonings
  1148 | D:3      | Reached skill level 2 in Translocations
  1148 | D:3      | Reached skill level 1 in Fire Magic
  1148 | D:3      | Reached skill level 1 in Ice Magic
  1171 | D:3      | Reached XP level 6. HP: 23/61 MP: 8/8
  1277 | D:4      | Reached skill level 2 in Spellcasting
  1288 | D:4      | Reached skill level 2 in Bows
  1288 | D:4      | Reached skill level 2 in Crossbows
  1288 | D:4      | Reached skill level 2 in Invocations
  1295 | D:4      | Reached skill level 2 in Maces & Flails
  1295 | D:4      | Reached skill level 1 in Armour
  1295 | D:4      | Reached skill level 2 in Summonings
  1321 | D:4      | Found a glowing golden altar of the Shining One.
  1346 | D:4      | Reached skill level 2 in Transmutations
  1385 | D:4      | Reached skill level 2 in Stealth
  1395 | D:4      | Reached skill level 3 in Bows
  1423 | D:4      | Found Qoakic's General Store.
  1430 | D:4      | Bought a potion of invisibility for 80 gold pieces
  1430 | D:4      | Bought a potion of curing for 30 gold pieces
  1465 | D:4      | Reached skill level 5 in Short Blades
  1465 | D:4      | Reached skill level 1 in Long Blades
  1465 | D:4      | Reached skill level 2 in Hexes
  1465 | D:4      | Reached skill level 2 in Air Magic
  1465 | D:4      | Reached skill level 3 in Evocations
  1488 | D:3      | Reached skill level 2 in Necromancy
  1551 | D:3      | Reached skill level 3 in Crossbows
  1846 | D:4      | Reached XP level 7. HP: 66/67 MP: 10/10
  1884 | D:4      | Found Jufoung's Antique Armour Shop.
  1934 | D:4      | Reached skill level 3 in Summonings
  1971 | D:4      | Noticed Robin
  1977 | D:4      | Killed Robin
  1981 | D:4      | Reached skill level 1 in Poison Magic
  2033 | D:5      | Entered Level 5 of the Dungeon
  2033 | D:5      | Noticed Vajrapani's ghost (novice OpIE)
  2045 | D:4      | Reached skill level 2 in Slings
  2045 | D:4      | Reached skill level 2 in Armour
  2045 | D:4      | Reached skill level 4 in Dodging
  2045 | D:4      | Reached skill level 2 in Charms
  2045 | D:4      | Reached skill level 2 in Fire Magic
  2045 | D:4      | Reached skill level 2 in Ice Magic
  2045 | D:4      | Reached skill level 1 in Earth Magic
  2290 | D:5      | Reached skill level 3 in Maces & Flails
  2290 | D:5      | Reached skill level 3 in Hexes
  2304 | D:5      | Got a twisted quarterstaff
  2305 | D:5      | Identified the +4 quarterstaff of Romuis {crush, Int+2} (You found it on level 5 of the Dungeon)
  2378 | D:6      | Noticed Eustachio
  2385 | D:6      | Killed Eustachio
  2385 | D:6      | Reached skill level 2 in Long Blades
  2385 | D:6      | Reached skill level 3 in Staves
  2385 | D:6      | Reached skill level 3 in Unarmed Combat
  2385 | D:6      | Reached skill level 3 in Conjurations
  2385 | D:6      | Reached skill level 2 in Poison Magic
  2385 | D:6      | Reached skill level 3 in Invocations
  2385 | D:6      | Reached XP level 8. HP: 64/74 MP: 11/11
  2387 | D:6      | Reached skill level 4 in Crossbows
  2387 | D:6      | Reached skill level 3 in Necromancy
  2387 | D:6      | Reached skill level 3 in Ice Magic
  2523 | D:6      | Reached skill level 4 in Throwing
  2523 | D:6      | Reached skill level 3 in Stealth
  2585 | D:6      | Reached skill level 4 in Bows
  2585 | D:6      | Reached skill level 3 in Translocations
  2585 | D:6      | Reached skill level 3 in Transmutations
  2600 | D:7      | Found a staircase to the Ecumenical Temple.
  2608 | D:7      | Reached skill level 2 in Earth Magic
  2618 | D:7      | Reached skill level 3 in Air Magic
  2635 | Temple   | Entered the Ecumenical Temple
  2716 | Temple   | Became a worshipper of Cheibriados the Contemplative
  2725 | D:7      | Gained mutation: Your system is resistant to poisons. (rPois) [potion of mutation]
  2725 | D:7      | Gained mutation: You are partially covered in yellow scales. (AC +2) [potion of mutation]
  2725 | D:7      | Gained mutation: Potions are less effective at restoring your health. [potion of mutation]
  2725 | D:7      | Gained mutation: Your natural rate of healing is unusually fast. [potion of mutation]
  2726 | D:7      | Lost mutation: You are partially covered in yellow scales. (AC +2) [potion of mutation]
  2726 | D:7      | Lost mutation: Potions are less effective at restoring your health. [potion of mutation]
  2726 | D:7      | Gained mutation: Your spells are a little harder to cast, but a little more powerful. [potion of mutation]
  2726 | D:7      | Gained mutation: You have a pair of small horns on your head. [potion of mutation]
  2726 | D:7      | Gained mutation: Your muscles are strong. (Str +2) [potion of mutation]
  2750 | D:7      | Reached skill level 3 in Spellcasting
  2752 | D:7      | Reached skill level 3 in Fire Magic
  2782 | D:7      | Found a shattered altar of Ashenzari.
  2798 | D:7      | Reached skill level 6 in Short Blades
  2873 | D:7      | Reached skill level 3 in Axes
  2873 | D:7      | Reached skill level 4 in Maces & Flails
  2873 | D:7      | Reached skill level 3 in Polearms
  2873 | D:7      | Reached skill level 4 in Summonings
  2873 | D:7      | Reached skill level 4 in Invocations
  2875 | D:7      | Reached skill level 3 in Long Blades
  2875 | D:7      | Reached skill level 4 in Staves
  2875 | D:7      | Reached skill level 3 in Shields
  2875 | D:7      | Reached skill level 4 in Translocations
  2875 | D:7      | Reached XP level 9. HP: 52/79 MP: 13/13
  2882 | D:7      | Reached skill level 3 in Slings
  2882 | D:7      | Reached skill level 4 in Unarmed Combat
  2882 | D:7      | Reached skill level 4 in Necromancy
  2886 | D:7      | Reached skill level 3 in Armour
  2892 | D:7      | Reached skill level 4 in Stealth
  2892 | D:7      | Reached skill level 4 in Ice Magic
  2892 | D:7      | Reached skill level 4 in Air Magic
  2896 | D:7      | Reached skill level 3 in Poison Magic
  2992 | D:7      | Reached * piety under Cheibriados
  2992 | D:7      | Reached skill level 4 in Conjurations
  2992 | D:7      | Reached skill level 4 in Fire Magic
  3102 | D:7      | Found an ancient bone altar of Kikubaaqudgha.
  3102 | D:7      | Found a sacrificial altar of Ru.
  3102 | D:7      | Noticed a two-headed ogre
  3105 | D:7      | Reached skill level 4 in Polearms
  3109 | D:7      | Killed a two-headed ogre
  3109 | D:7      | Reached skill level 11 in Fighting
  3109 | D:7      | Reached skill level 4 in Long Blades
  3109 | D:7      | Reached skill level 4 in Axes
  3109 | D:7      | Reached skill level 4 in Slings
  3109 | D:7      | Reached skill level 5 in Crossbows
  3109 | D:7      | Reached skill level 5 in Throwing
  3109 | D:7      | Reached skill level 5 in Dodging
  3109 | D:7      | Reached skill level 4 in Shields
  3109 | D:7      | Reached skill level 4 in Spellcasting
  3109 | D:7      | Reached skill level 4 in Hexes
  3109 | D:7      | Reached skill level 5 in Summonings
  3109 | D:7      | Reached skill level 4 in Transmutations
  3109 | D:7      | Reached skill level 3 in Earth Magic
  3109 | D:7      | Reached skill level 4 in Evocations
  3123 | D:7      | Reached skill level 5 in Bows
  3148 | D:7      | Found a sand-covered staircase.
  3154 | Ossuary  | Entered an ossuary
  3260 | Ossuary  | Reached skill level 5 in Conjurations
  3357 | D:7      | Found a sacrificial altar of Ru.
  3368 | D:7      | Reached skill level 3 in Charms
  3375 | D:7      | Reached ** piety under Cheibriados
  3375 | D:7      | Reached skill level 5 in Maces & Flails
  3428 | D:6      | Reached XP level 10. HP: 88/88 MP: 16/16
  3461 | D:6      | Reached skill level 5 in Air Magic
  3466 | D:6      | Reached skill level 5 in Invocations
  3513 | D:6      | Reached skill level 4 in Armour
  3539 | D:6      | Reached skill level 5 in Unarmed Combat
  3539 | D:6      | Reached skill level 5 in Necromancy
  3546 | D:6      | Reached skill level 5 in Hexes
  3546 | D:6      | Reached skill level 5 in Translocations
  3589 | D:6      | Noticed Edmund
  3592 | D:6      | Noticed Dowan
  3607 | D:6      | Noticed Duvessa
  3612 | D:6      | Killed Edmund
  3631 | D:6      | Killed Duvessa
  3631 | D:6      | Reached skill level 4 in Earth Magic
  3640 | D:6      | Killed Dowan
  3677 | D:6      | Noticed Blork the orc
  3685 | D:6      | Killed Blork the orc
  3685 | D:6      | Reached skill level 6 in Crossbows
  3685 | D:6      | Reached skill level 5 in Shields
  3812 | D:4      | Bought a scroll of recharging for 95 gold pieces
  3846 | D:4      | Bought a buckler for 94 gold pieces
  3846 | D:4      | Bought an ancient cloak for 199 gold pieces
  3859 | D:4      | Identified the cursed +0 cloak of Grace {+Fly rF++ rC- MR+} (You bought it in a shop on level 4 of the Dungeon)
  3891 | D:5      | Reached *** piety under Cheibriados
  4033 | D:8      | Noticed a two-headed ogre
  4044 | D:8      | Killed a two-headed ogre
  4044 | D:8      | Reached skill level 5 in Long Blades
  4044 | D:8      | Reached skill level 5 in Spellcasting
  4044 | D:8      | Reached skill level 5 in Fire Magic
  4044 | D:8      | Reached skill level 4 in Poison Magic
  4044 | D:8      | Reached skill level 5 in Evocations
  4084 | D:8      | Noticed Joseph
  4093 | D:8      | Reached skill level 5 in Staves
  4117 | D:8      | Killed Joseph
  4117 | D:8      | Reached skill level 5 in Polearms
  4117 | D:8      | Reached skill level 5 in Armour
  4117 | D:8      | Reached skill level 6 in Dodging
  4124 | D:8      | Reached skill level 5 in Stealth
  4130 | D:8      | Reached skill level 5 in Axes
  4130 | D:8      | Reached skill level 5 in Ice Magic
  4136 | D:8      | Reached skill level 4 in Charms
  4140 | D:8      | Reached skill level 6 in Throwing
  4175 | D:8      | Reached skill level 5 in Slings
  4180 | D:8      | Reached skill level 6 in Necromancy
  4192 | D:8      | Noticed a two-headed ogre
  4192 | D:8      | Noticed a manticore
  4207 | D:8      | Killed a two-headed ogre
  4207 | D:8      | Reached skill level 7 in Short Blades
  4207 | D:8      | Reached skill level 6 in Bows
  4207 | D:8      | Reached skill level 5 in Transmutations
  4221 | D:8      | Killed a manticore
  4221 | D:8      | Reached skill level 5 in Poison Magic
  4221 | D:8      | Reached XP level 11. HP: 46/93 MP: 17/19
  4277 | D:8      | Reached **** piety under Cheibriados
  4306 | D:8      | Noticed Maurice
  4315 | D:8      | Reached skill level 6 in Hexes
  4320 | D:8      | Killed Maurice
  4320 | D:8      | Reached skill level 6 in Air Magic
  4320 | D:8      | Reached skill level 6 in Invocations
  4338 | D:8      | Found a staircase to the Lair.
  4581 | D:9      | Reached skill level 6 in Summonings
  4584 | D:9      | Reached skill level 6 in Translocations
  4629 | D:9      | Reached ***** piety under Cheibriados
  4629 | D:9      | Reached skill level 5 in Earth Magic
  4743 | D:9      | Learned a level 2 spell: Sticks to Snakes
  4752 | D:9      | Reached skill level 6 in Maces & Flails
  4752 | D:9      | Reached skill level 6 in Unarmed Combat
  4792 | D:9      | Reached skill level 12 in Fighting
  4879 | D:10     | Entered Level 10 of the Dungeon
  4901 | D:10     | Reached skill level 6 in Shields
  4910 | D:10     | Reached skill level 5 in Charms
  4995 | D:11     | Reached skill level 6 in Ice Magic
  4997 | D:11     | Reached skill level 7 in Crossbows
  4997 | D:11     | Reached skill level 6 in Conjurations
  5007 | D:11     | Reached skill level 6 in Evocations
  5013 | D:11     | Reached skill level 6 in Stealth
  5128 | D:10     | Found Finau's Antique Armour Shoppe.
  5136 | D:10     | Reached skill level 6 in Long Blades
  5136 | D:10     | Reached skill level 7 in Dodging
  5166 | D:10     | Bought a twisted scale mail for 261 gold pieces
  5176 | D:10     | Identified the +5 scale mail of Agoraphobia {rC+ Str+5 Int+3} (You bought it in a shop on level 10 of the Dungeon)
  5239 | D:9      | Noticed Prince Ribbit
  5252 | D:9      | Killed Prince Ribbit
  5252 | D:9      | Reached skill level 6 in Polearms
  5252 | D:9      | Reached skill level 6 in Transmutations
  5399 | D:11     | Reached skill level 6 in Staves
  5407 | D:11     | Noticed a cyclops
  5423 | D:11     | Killed a cyclops
  5423 | D:11     | Reached skill level 6 in Slings
  5423 | D:11     | Reached skill level 7 in Bows
  5423 | D:11     | Reached skill level 6 in Earth Magic
  5437 | D:11     | Noticed a five-headed hydra
  5451 | D:11     | Killed a five-headed hydra
  5451 | D:11     | Reached skill level 6 in Spellcasting
  5451 | D:11     | Reached skill level 6 in Fire Magic
  5477 | D:11     | Noticed a cyclops
  5479 | D:11     | Killed a cyclops
  5484 | D:11     | Reached skill level 6 in Poison Magic
  5565 | D:11     | Reached skill level 8 in Short Blades
  5679 | D:11     | Noticed a white ugly thing
  5694 | D:11     | Killed a white ugly thing
  5694 | D:11     | Reached skill level 7 in Throwing
  5694 | D:11     | Reached XP level 12. HP: 14/103 MP: 21/21
  5733 | D:11     | Reached skill level 7 in Necromancy
  5733 | D:11     | Reached skill level 7 in Air Magic
  5801 | D:11     | Found a staircase to the Orcish Mines.
  5854 | Orc:1    | Entered Level 1 of the Orcish Mines
  5867 | D:11     | Reached ****** piety under Cheibriados
  5867 | D:11     | Reached skill level 6 in Axes
  5892 | Orc:1    | Reached skill level 8 in Crossbows
  5907 | Orc:1    | Noticed Snorg
  5925 | Orc:1    | Killed Snorg
  5925 | Orc:1    | Reached skill level 7 in Stealth
  5925 | Orc:1    | Reached skill level 7 in Fire Magic
  5926 | Orc:1    | Reached skill level 6 in Armour
  5926 | Orc:1    | Reached skill level 6 in Charms
  6045 | Orc:1    | Found a roughly hewn altar of Beogh.
  6096 | Orc:1    | Upgraded the game from 0.21-a0-314-gb3271ec to 0.21-a0-321-g91e3373
  6320 | D:12     | Reached skill level 7 in Maces & Flails
  6320 | D:12     | Reached skill level 7 in Shields
  6359 | D:12     | Learned a level 1 spell: Animate Skeleton
  6361 | D:12     | Learned a level 1 spell: Apportation
  6446 | D:12     | Reached skill level 7 in Long Blades
  6457 | D:12     | Reached skill level 7 in Spellcasting
  6460 | D:12     | Reached skill level 7 in Unarmed Combat
  6460 | D:12     | Reached skill level 7 in Conjurations
  6496 | D:12     | Reached skill level 7 in Earth Magic
  6582 | D:13     | Reached skill level 7 in Translocations
  6644 | D:12     | Reached skill level 8 in Bows
  6644 | D:12     | Reached skill level 7 in Hexes
  6661 | D:12     | Reached skill level 7 in Ice Magic
  6661 | D:12     | Reached skill level 7 in Invocations
  6684 | D:12     | Found Roasch's Armour Boutique.
  6894 | D:12     | Reached skill level 8 in Dodging
  6937 | D:12     | Found a bloodstained altar of Trog.
  6946 | D:12     | Reached skill level 7 in Polearms
  7015 | D:12     | Noticed a four-headed hydra
  7024 | D:12     | Killed a four-headed hydra
  7024 | D:12     | Reached skill level 8 in Long Blades
  7024 | D:12     | Reached skill level 8 in Throwing
  7165 | Orc:2    | Entered Level 2 of the Orcish Mines
  7198 | Orc:2    | Found a staircase to the Elven Halls.
  7225 | Orc:2    | Reached skill level 7 in Staves
  7256 | Orc:2    | Reached skill level 7 in Slings
  7281 | Orc:2    | Reached skill level 8 in Stealth
  7281 | Orc:2    | Reached skill level 7 in Summonings
  7292 | Orc:2    | Reached skill level 8 in Air Magic
  7340 | Orc:2    | Reached skill level 8 in Necromancy
  7352 | Orc:2    | Noticed an orc high priest
  7392 | Orc:2    | Killed an orc high priest
  7392 | Orc:2    | Reached skill level 7 in Axes
  7392 | Orc:2    | Reached skill level 7 in Armour
  7392 | Orc:2    | Reached XP level 13. HP: 109/109 MP: 20/24
  7400 | Orc:2    | Noticed Saint Roka
  7426 | Orc:2    | Killed Saint Roka
  7426 | Orc:2    | Reached skill level 8 in Shields
  7426 | Orc:2    | Reached skill level 7 in Charms
  7426 | Orc:2    | Reached skill level 7 in Transmutations
  7426 | Orc:2    | Reached skill level 8 in Fire Magic
  7426 | Orc:2    | Reached skill level 7 in Poison Magic
  7426 | Orc:2    | Reached skill level 7 in Evocations
  7472 | Orc:2    | Found a roughly hewn altar of Beogh.
  7515 | Orc:2    | Reached skill level 9 in Crossbows
  7517 | Orc:2    | Reached skill level 8 in Earth Magic
  7518 | Orc:2    | Reached skill level 8 in Conjurations
  7521 | Orc:2    | Reached skill level 8 in Translocations
  7533 | Orc:2    | Reached skill level 8 in Spellcasting
  7546 | Orc:2    | Reached skill level 8 in Armour
  7546 | Orc:2    | Reached skill level 8 in Unarmed Combat
  7552 | Orc:2    | Found Doisurphaf's Magic Scroll Shop.
  7667 | Orc:1    | Found Waavu Bupp's Armour Shoppe.
  7667 | Orc:1    | Found Nirha's Antique Weapon Emporium.
  7738 | Orc:1    | Learned a level 5 spell: Blade Hands
  7829 | Orc:2    | Reached skill level 8 in Maces & Flails
  7843 | Orc:2    | Reached skill level 8 in Charms
  7936 | Orc:2    | Found Camiloq's Antique Weapon Emporium.
  7936 | Orc:2    | Found Natyb's Jewellery Emporium.
  7937 | Orc:2    | Found Laskoh's Assorted Antiques.
  7937 | Orc:2    | Found Zorodobu's Jewellery Emporium.
  7953 | Orc:2    | Bought an uncursed amulet of regeneration for 420 gold pieces
  8025 | Elf:1    | Entered Level 1 of the Elven Halls
  8037 | Elf:1    | Learned a level 5 spell: Yara's Violent Unravelling
  8063 | Elf:1    | Found a ruined gateway.
  8066 | Elf:1    | Noticed a ragged hierophant
  8084 | Elf:1    | Killed a ragged hierophant
  8084 | Elf:1    | Reached skill level 8 in Slings
  8084 | Elf:1    | Reached skill level 9 in Necromancy
  8086 | Elf:1    | Reached skill level 9 in Short Blades
  8119 | Elf:1    | Learned a level 5 spell: Metabolic Englaciation
  8120 | Desolati | Entered the Desolation of Salt
  8139 | Desolati | Noticed a servant of whispers
  8146 | Desolati | Killed a servant of whispers
  8146 | Desolati | Reached skill level 8 in Invocations
  8151 | Desolati | Reached skill level 8 in Hexes
  8170 | Desolati | Noticed a halazid warlock
  8173 | Desolati | Noticed a ragged hierophant
  8174 | Desolati | Noticed an imperial myrmidon
  8175 | Desolati | Killed a halazid warlock
  8175 | Desolati | Reached skill level 13 in Fighting
  8175 | Desolati | Reached skill level 8 in Staves
  8176 | Desolati | HP: 5/111 [peacekeeper (15)]
  8176 | Desolati | Mangled by a peacekeeper

Vault maps used:
D:1:      dpeg_arrival_boxorama
D:4:      nicolae_tso_besieged_by_evil, serial_shops, shop, shop_statue,
          minmay_misc_feat_diagonals, uniq_robin
D:5:      first_bread, serial_glass, glass_columns_c, glass_columns_a,
          uniq_sigmund
D:6:      kennysheep_generic_room_2, uniq_blork_the_orc, uniq_edmund,
          uniq_duvessa, uniq_eustachio
D:7:      ashenzari_conservatory_becter, grunt_temple_overflow_open,
          minmay_temple_entry_junction, nicolae_ossuary_entry_plus, basic_altar,
          minmay_liquid_box, grunt_livestock
D:8:      dpeg_oklobed_lair, kennysheep_generic_room_14, uniq_joseph,
          uniq_maurice
D:9:      uniq_prince_ribbit1
D:10:     serial_shops, shop
D:11:     erik_orc_1
D:12:     serial_shops, shop, basic_altar, minmay_librarian
D:13:     serial_shops, nicolae_shop_trees, uniq_urug
D:14:     david_vaults_5, serial_shops, nicolae_shop_trees,
          minmay_splitting_lines
Temple:   eino_narrow_crystal_temple
Orc:1:    serial_shops, shop, shop, basic_altar, uniq_snorg
Orc:2:    st_orc_pillars, basic_altar, serial_shops, shop, uniq_saint_roka
Elf:1:    portal_desolation_entry_nicolae_nacl, minmay_elf_demonology,
          minivault_14
Ossuary:  minmay_ossuary_gauntlet

Skill      XL: |  1  2  3  4  5  6  7  8  9 10 11 12 13 |
---------------+----------------------------------------+-----
Fighting       | 11 12 13 | 13.0
Staves         | 1 2 3 4 5 6 7 8 |  8.0
Crossbows      | 1 3 4 5 6 7 8 9 |  9.8
Dodging        | 3 4 5 6 7 8 |  8.9
Stealth        | 1 2 3 4 5 6 8 |  8.8
Slings         | 1 2 4 5 6 7 8 |  8.0
Necromancy     | 1 2 3 4 6 8 9 |  9.2
Transmutations | 1 2 3 4 5 6 7 |  7.5
Shields        | 1 2 3 4 5 6 7 8 |  8.4
Unarmed Combat | 1 2 3 4 5 6 7 8 |  8.1
Bows           | 1 3 4 5 6 7 8 |  8.6
Polearms       | 1 2 3 4 5 6 7 |  7.8
Invocations    | 1 2 3 4 5 6 7 8 |  8.0
Conjurations   | 1 2 3 5 6 7 8 |  8.3
Axes           | 1 2 3 4 5 7 |  7.9
Spellcasting   | 1 2 3 4 5 6 7 8 |  8.8
Translocations | 1 2 4 5 6 7 8 |  8.4
Air Magic      | 1 2 3 4 5 6 8 |  8.7
Hexes          | 1 2 3 4 5 6 7 8 |  8.1
Maces & Flails | 1 2 3 4 5 6 7 8 |  8.2
Throwing       | 3 4 5 6 7 8 |  8.7
Charms         | 1 2 3 4 5 6 8 |  8.0
Summonings     | 1 2 3 4 5 6 7 |  7.6
Fire Magic     | 1 2 3 4 5 6 7 8 |  8.8
Ice Magic      | 1 2 3 4 5 6 7 |  7.9
Armour         | 1 2 3 5 7 8 |  8.3
Short Blades   | 5 6 7 8 9 |  9.2
Long Blades    | 1 2 3 4 5 6 8 |  8.8
Evocations     | 3 4 5 6 7 |  7.6
Poison Magic   | 2 3 5 6 7 |  7.4
Earth Magic    | 1 2 3 4 6 7 8 |  8.1

Action                   |  1- 3 |  4- 6 |  7- 9 | 10-12 | 13-15 || total
-------------------------+-------+-------+-------+-------+-------++-------
Melee: Short sword       |    41 |       |       |       |       ||    41
       Bite              |     9 |    16 |    31 |   171 |    26 ||   253
       Whip              |    68 |    66 |     9 |    17 |       ||   160
       Dagger            |       |    47 |   119 |   698 |    89 ||   953
       Rapier            |       |    31 |    93 |    60 |       ||   184
       Punch             |       |     1 |     7 |     1 |       ||     9
       Quarterstaff      |       |       |    30 |       |       ||    30
       Headbutt          |       |       |    28 |   323 |    53 ||   404
       War axe           |       |       |       |       |    15 ||    15
       Unarmed           |       |       |       |       |    15 ||    15
 Fire: Shortbow          |       |       |    29 |       |       ||    29
Throw: Javelin           |       |       |       |    22 |       ||    22
       Tomahawk          |       |       |       |    20 |    23 ||    43
 Cast: Sticks to Snakes  |       |       |       |     7 |    15 ||    22
       Apportation       |       |       |       |    13 |    15 ||    28
       Animate Skeleton  |       |       |       |     5 |    10 ||    15
       Blade Hands       |       |       |       |       |     2 ||     2
       Metabolic Englaci |       |       |       |       |     1 ||     1
Invok: Slouch            |       |       |       |     2 |     5 ||     7
       Bend Time         |       |       |       |     2 |     3 ||     5
 Abil: End Transformatio |       |       |       |       |     1 ||     1
Evoke: Wand              |       |       |     7 |     9 |    15 ||    31
       Fan of gales      |       |       |       |     1 |       ||     1
  Use: Potion            |       |     1 |     2 |       |       ||     3
       Scroll            |       |     7 |     6 |    15 |     4 ||    32
 Stab: Sleeping          |     2 |       |       |    13 |       ||    15
       Distracted        |       |       |       |     5 |     3 ||     8
  Eat: Chunk             |       |     9 |     7 |     6 |     5 ||    27
Armor: Leather armour    |    11 |    18 |       |       |       ||    29
       Robe              |     1 |       |       |       |       ||     1
       Scale mail        |       |    22 |    84 |   140 |    26 ||   272
       Troll leather arm |       |       |       |    23 |       ||    23
Dodge: Dodged            |    57 |    63 |   114 |   413 |    84 ||   731
Block: Buckler           |       |       |       |   183 |    29 ||   212

Table legend:
 A = Spawn XP
 B = Non-spawn XP
 C = Spawn XP percentage of total XP
 D = Spawn monster count
 E = Non-spawn monster count
 F = Spawn count percentage of total count
 G = Total turns spent on level
                    A         B        C        D         E        F      G
               +---------+---------+-------+---------+---------+-------+---------
         Total |       0 |   52597 |   0.0 |       0 |     456 |   0.0 |  8176
               +---------+---------+-------+---------+---------+-------+---------
           D:1 |       0 |      29 |   0.0 |       0 |      17 |   0.0 |   376
           D:2 |       0 |      50 |   0.0 |       0 |      20 |   0.0 |   427
           D:3 |       0 |     283 |   0.0 |       0 |      25 |   0.0 |   770
           D:4 |       0 |     522 |   0.0 |       0 |      38 |   0.0 |   588
           D:5 |       0 |     266 |   0.0 |       0 |       9 |   0.0 |   516
           D:6 |       0 |    1769 |   0.0 |       0 |      29 |   0.0 |   481
           D:7 |       0 |    2744 |   0.0 |       0 |      26 |   0.0 |   541
           D:8 |       0 |    4495 |   0.0 |       0 |      34 |   0.0 |   546
           D:9 |       0 |    2446 |   0.0 |       0 |      28 |   0.0 |   487
          D:10 |       0 |     988 |   0.0 |       0 |      12 |   0.0 |   280
          D:11 |       0 |    6204 |   0.0 |       0 |      53 |   0.0 |   885
          D:12 |       0 |    6851 |   0.0 |       0 |      24 |   0.0 |   665
          D:13 |       0 |     444 |   0.0 |       0 |       2 |   0.0 |    71
         Orc:1 |       0 |    2870 |   0.0 |       0 |      25 |   0.0 |   331
         Orc:2 |       0 |   17455 |   0.0 |       0 |      88 |   0.0 |   788
         Elf:1 |       0 |    2315 |   0.0 |       0 |       5 |   0.0 |    95
       Ossuary |       0 |     162 |   0.0 |       0 |      16 |   0.0 |   183
    Desolation |       0 |    2704 |   0.0 |       0 |       5 |   0.0 |    56
               +---------+---------+-------+---------+---------+-------+---------

Table legend:
 A = Turns spent in this place as a percentage of turns spent in the entire game.
 B = Non-inter-level travel turns spent in this place as a percentage of non-inter-level travel turns spent in the entire game.
 C = Inter-level travel turns spent in this place as a percentage of turns spent in this place.
 D = Turns resting spent in this place as a percentage of non-inter-level travel turns spent in this place.
 E = Turns spent auto-exploring this place as a percentage of non-inter-level travel turns spent in this place.
 F = Non-inter-level travel turns spent in this place divided by the number of levels of this place that you've seen.
                   A       B       C       D       E      F
               +-------+-------+-------+-------+-------+----------------------
         Total | 100.0 | 100.0 |   7.8 |   0.0 |   0.0 | 376.9
       Dungeon |  81.2 |  80.8 |   8.2 |   0.0 |   0.0 | 435.1
        Temple |   1.1 |   1.0 |  18.2 |   0.0 |   0.0 |  72.0
  Orcish Mines |  13.7 |  13.8 |   7.0 |   0.0 |   0.0 | 520.5
   Elven Halls |   1.2 |   1.3 |   0.0 |   0.0 |   0.0 |  95.0
       Ossuary |   2.2 |   2.4 |   0.0 |   0.0 |   0.0 | 183.0
    Desolation |   0.7 |   0.7 |   0.0 |   0.0 |   0.0 |  56.0
               +-------+-------+-------+-------+-------+----------------------

Table legend:
 A = Kills in this place as a percentage of kills in entire the game.
 B = Kills by you in this place as a percentage of kills by you in the entire game.
 C = Kills by friends in this place as a percentage of kills by friends in the entire game.
 D = Other kills in this place as a percentage of other kills in the entire game.
 E = Experience gained in this place as a percentage of experience gained in the entire game.
 F = Experience gained in this place divided by the number of levels of this place that you have seen.
                   A       B       C       D       E      F
               +-------+-------+-------+-------+-------+----------------------
         Total | 100.0 | 100.0 | 100.0 |   N/A | 100.0 | 2629.9
       Dungeon |  69.5 |  71.0 |   9.1 |   N/A |  51.5 | 1935.1
  Orcish Mines |  24.8 |  23.4 |  81.8 |   N/A |  38.6 | 10162.5
   Elven Halls |   1.1 |   1.1 |   0.0 |   N/A |   4.4 | 2315.0
       Ossuary |   3.5 |   3.6 |   0.0 |   N/A |   0.3 | 162.0
    Desolation |   1.1 |   0.9 |   9.1 |   N/A |   5.1 | 2704.0
               +-------+-------+-------+-------+-------+----------------------

Vault maps used:
D:1:      dpeg_arrival_boxorama
D:4:      nicolae_tso_besieged_by_evil, serial_shops, shop, shop_statue,
          minmay_misc_feat_diagonals, uniq_robin
D:5:      first_bread, serial_glass, glass_columns_c, glass_columns_a,
          uniq_sigmund
D:6:      kennysheep_generic_room_2, uniq_blork_the_orc, uniq_edmund,
          uniq_duvessa, uniq_eustachio
D:7:      ashenzari_conservatory_becter, grunt_temple_overflow_open,
          minmay_temple_entry_junction, nicolae_ossuary_entry_plus, basic_altar,
          minmay_liquid_box, grunt_livestock
D:8:      dpeg_oklobed_lair, kennysheep_generic_room_14, uniq_joseph,
          uniq_maurice
D:9:      uniq_prince_ribbit1
D:10:     serial_shops, shop
D:11:     erik_orc_1
D:12:     serial_shops, shop, basic_altar, minmay_librarian
D:13:     serial_shops, nicolae_shop_trees, uniq_urug
D:14:     david_vaults_5, serial_shops, nicolae_shop_trees,
          minmay_splitting_lines
Temple:   eino_narrow_crystal_temple
Orc:1:    serial_shops, shop, shop, basic_altar, uniq_snorg
Orc:2:    st_orc_pillars, basic_altar, serial_shops, shop, uniq_saint_roka
Elf:1:    portal_desolation_entry_nicolae_nacl, minmay_elf_demonology,
          minivault_14
Ossuary:  minmay_ossuary_gauntlet
